TOP OF THE 1ST |
Santa Monica Bruins batting - Pitching for District 9 Prawns : RHP António Benítez
|
Pitching: RHP António Benítez
|
|
Batting: RHB Javier Deleón
|
0-0: Ball 1-0: Ball 2-0: Ball 3-0: Base on Balls
|
Batting: LHB Patrick Osborne
|
0-0: Ball 1-0: Ground out 5-3 (Groundball, 5S) Javier Deleón to second
|
Batting: LHB Ray Bryant
|
0-0: Called Strike 0-1: Foul Ball, location: 2F 0-2: Foul Ball, location: 2F 0-2: Ball 1-2: Ball 2-2: SINGLE (Line Drive, 8LS) Javier Deleón to third Runner from 3rd tries for Home, SAFE, throw made home Ray Bryant to second
|
Batting: RHB Alfredo López
|
0-0: Called Strike 0-1: Ball 1-1: Ball 2-1: Ground out 5-3 (Groundball, 5S) Ray Bryant to third
|
Batting: RHB Luis Martínez
|
0-0: Ball 1-0: Ball 2-0: Ball 3-0: Base on Balls
|
Batting: RHB Justin Burgess
|
0-0: Ground out 1-3 (Groundball, 23)
|
Top of the 1st over - 1 run(s), 1 hit(s), 0 error(s), 2 left on base; Santa Monica 1 - District 9 0 |
BOTTOM OF THE 1ST |
District 9 Prawns batting - Pitching for Santa Monica Bruins : RHP Doug Singleton
|
Pitching: RHP Doug Singleton
|
|
Batting: SHB Mark Pope
|
0-0: Ball 1-0: Ball 2-0: Fly out, F6 (Popup, 6MD)
|
Batting: LHB Leonard Harvey
|
0-0: Called Strike 0-1: Ball 1-1: Fly out, F9 (Popup, 9S)
|
Batting: RHB Rafael González
|
0-0: Ball 1-0: Swinging Strike 1-1: Foul Ball, location: 2F 1-2: Foul Ball, location: 2F 1-2: Foul Ball, location: 2F 1-2: Foul Ball, location: 2F 1-2: Ground out 6-3 (Groundball, 6)
|
Bottom of the 1st over - 0 run(s), 0 hit(s), 0 error(s), 0 left on base; Santa Monica 1 - District 9 0 |
TOP OF THE 2ND |
Santa Monica Bruins batting - Pitching for District 9 Prawns : RHP António Benítez
|
Batting: LHB Jeffrey Satterley
|
0-0: Foul Ball, location: 2F 0-1: Foul Ball, location: 2F 0-2: Fly out, F6 (Popup, 6MD)
|
Batting: RHB José García
|
0-0: Called Strike 0-1: Ball 1-1: Foul Ball, location: 2F 1-2: Ball 2-2: SINGLE (Groundball, 6MD)
|
Batting: RHB Bonifacio Torres
|
0-0: Called Strike 0-1: Called Strike 0-2: Foul Ball, location: 2F 0-2: Ball 1-2: Foul Ball, location: 2F 1-2: Foul Ball, location: 2F 1-2: SINGLE (Line Drive, 8LS) José García to second
|
Batting: RHB Javier Deleón
|
0-0: Ground out 5-3 (Groundball, 5S) José García to third Bonifacio Torres to second
|
Batting: LHB Patrick Osborne
|
0-0: Called Strike 0-1: Foul Ball, location: 2F 0-2: Ground out U3 (Groundball, 3S)
|
Top of the 2nd over - 0 run(s), 2 hit(s), 0 error(s), 2 left on base; Santa Monica 1 - District 9 0 |
BOTTOM OF THE 2ND |
District 9 Prawns batting - Pitching for Santa Monica Bruins : RHP Doug Singleton
|
Batting: RHB Tony Guzmán
|
0-0: Ball 1-0: Foul Ball, location: 2F 1-1: Ball 2-1: Swinging Strike 2-2: Strikes out swinging
|
Batting: RHB Lateef Makini
|
0-0: Foul Ball, location: 2F 0-1: Ball 1-1: Swinging Strike 1-2: Strikes out looking
|
Batting: LHB Leonard Young
|
0-0: Ball 1-0: Called Strike 1-1: SINGLE (Flyball, 8LS)
|
Batting: LHB Ralph Schultz
|
0-0: Called Strike 0-1: Called Strike 0-2: SINGLE (Line Drive, 4MD) Leonard Young to second
|
Batting: RHB Lúcio García
|
0-0: Called Strike 0-1: Ball 1-1: Ball 2-1: Swinging Strike 2-2: Foul Ball, location: 2F 2-2: Strikes out swinging
|
Bottom of the 2nd over - 0 run(s), 2 hit(s), 0 error(s), 2 left on base; Santa Monica 1 - District 9 0 |
TOP OF THE 3RD |
Santa Monica Bruins batting - Pitching for District 9 Prawns : RHP António Benítez
|
Batting: LHB Ray Bryant
|
0-0: Called Strike 0-1: Ball 1-1: SINGLE (Line Drive, 34D)
|
Batting: RHB Alfredo López
|
0-0: Called Strike 0-1: Ball 1-1: Ball 2-1: Fly out, F8 (Flyball, 8RD)
|
Batting: RHB Luis Martínez
|
0-0: Ball 1-0: Ball 2-0: DOUBLE (Line Drive, 7LD) Ray Bryant to third Runner from 3rd tries for Home, SAFE, no throw or cutoff
|
Batting: RHB Justin Burgess
|
0-0: Swinging Strike 0-1: Foul Ball, location: 2F 0-2: Foul Ball, location: 2F 0-2: Strikes out swinging
|
Batting: LHB Jeffrey Satterley
|
0-0: Swinging Strike 0-1: Foul Ball, location: 2F 0-2: Foul Ball, location: 2F 0-2: Ground out 4-3 (Groundball, 4)
|
Top of the 3rd over - 1 run(s), 2 hit(s), 0 error(s), 1 left on base; Santa Monica 2 - District 9 0 |
BOTTOM OF THE 3RD |
District 9 Prawns batting - Pitching for Santa Monica Bruins : RHP Doug Singleton
|
Batting: RHB Mal Snyder
|
0-0: Called Strike 0-1: Ball 1-1: Foul Ball, location: 2F 1-2: Ball 2-2: Ball 3-2: Ground out 4-3 (Groundball, 4M)
|
Batting: SHB Mark Pope
|
0-0: Ball 1-0: Foul Ball, location: 2F 1-1: Called Strike 1-2: Ball 2-2: Ball 3-2: Foul Ball, location: 2F 3-2: Fly out, F7 (Flyball, 7M)
|
Batting: LHB Leonard Harvey
|
0-0: Ball 1-0: Ground out 6-3 (Groundball, 6)
|
Bottom of the 3rd over - 0 run(s), 0 hit(s), 0 error(s), 0 left on base; Santa Monica 2 - District 9 0 |
BOTTOM OF THE 4TH |
District 9 Prawns batting - Pitching for Santa Monica Bruins : RHP Doug Singleton
|
Batting: RHB Rafael González
|
0-0: Called Strike 0-1: Ground out 5-3 (Groundball, 5S)
|
Batting: RHB Tony Guzmán
|
0-0: Ball 1-0: Foul Ball, location: 2F 1-1: Swinging Strike 1-2: Ground out 6-3 (Groundball, 6)
|
Batting: RHB Lateef Makini
|
0-0: Ball 1-0: Called Strike 1-1: Fly out, F7 (Flyball, 7M)
|
Bottom of the 4th over - 0 run(s), 0 hit(s), 0 error(s), 0 left on base; Santa Monica 5 - District 9 0 |
TOP OF THE 5TH |
Santa Monica Bruins batting - Pitching for District 9 Prawns : RHP Eduardo Delgado
|
Batting: RHB José García
|
0-0: Called Strike 0-1: Ball 1-1: Swinging Strike 1-2: Ball 2-2: Foul Ball, location: 2F 2-2: SINGLE (Groundball, 34D)
|
Batting: RHB Bonifacio Torres
|
0-0: Ball 1-0: Called Strike José García steals 2nd base 1-1: Swinging Strike 1-2: Ball 2-2: Ball 3-2: Ground out 6-3 (Groundball, 6)
|
Batting: RHB Javier Deleón
|
0-0: DOUBLE (Line Drive, 3D) José García scores
|
Batting: LHB Patrick Osborne
|
0-0: Called Strike 0-1: Called Strike 0-2: Strikes out swinging
|
Batting: LHB Ray Bryant
|
0-0: Foul Ball, location: 2F 0-1: Ball 1-1: Ball 2-1: Foul Ball, location: 2F 2-2: Ball 3-2: Strikes out swinging
|
Top of the 5th over - 1 run(s), 2 hit(s), 0 error(s), 1 left on base; Santa Monica 6 - District 9 0 |
BOTTOM OF THE 5TH |
District 9 Prawns batting - Pitching for Santa Monica Bruins : RHP Doug Singleton
|
Batting: LHB Leonard Young
|
0-0: Ball 1-0: Ball 2-0: Ball 3-0: Base on Balls
|
Batting: LHB Ralph Schultz
|
0-0: Ball 1-0: Grounds into double play, 4-6-3 (Groundball, 4)
|
Batting: RHB Lúcio García
|
0-0: Ball 1-0: Called Strike 1-1: Foul Ball, location: 2F 1-2: Ball 2-2: Ball 3-2: Strikes out swinging
|
Bottom of the 5th over - 0 run(s), 0 hit(s), 0 error(s), 0 left on base; Santa Monica 6 - District 9 0 |
TOP OF THE 6TH |
Santa Monica Bruins batting - Pitching for District 9 Prawns : RHP Eduardo Delgado
|
Batting: RHB Alfredo López
|
0-0: Called Strike 0-1: Ball 1-1: Foul Ball, location: 2F 1-2: Ball 2-2: Ground out 5-3 (Groundball, 56S)
|
Batting: RHB Luis Martínez
|
0-0: Ball 1-0: Called Strike 1-1: Called Strike 1-2: Ball 2-2: Foul Ball, location: 2F 2-2: Ball 3-2: Foul Ball, location: 2F 3-2: Strikes out swinging
|
Batting: RHB Justin Burgess
|
0-0: Fly out, F9 (Flyball, 9M)
|
Top of the 6th over - 0 run(s), 0 hit(s), 0 error(s), 0 left on base; Santa Monica 6 - District 9 0 |
BOTTOM OF THE 6TH |
District 9 Prawns batting - Pitching for Santa Monica Bruins : RHP Doug Singleton
|
Batting: RHB Mal Snyder
|
0-0: Fly out, F9 (Flyball, 9LM)
|
Batting: SHB Mark Pope
|
0-0: Foul Ball, location: 2F 0-1: Ball 1-1: Ball 2-1: Ball 3-1: Fly out, F5 (Popup, 5S)
|
Batting: LHB Leonard Harvey
|
0-0: Called Strike 0-1: Swinging Strike 0-2: Ball 1-2: Ball 2-2: Strikes out swinging
|
Bottom of the 6th over - 0 run(s), 0 hit(s), 0 error(s), 0 left on base; Santa Monica 6 - District 9 0 |
TOP OF THE 7TH |
Santa Monica Bruins batting - Pitching for District 9 Prawns : RHP Eduardo Delgado
|
Pitching: RHP Wilson Flores
|
|
Batting: LHB Jeffrey Satterley
|
0-0: Ball 1-0: Ball 2-0: Ball 3-0: Called Strike 3-1: Foul Ball, location: 2F 3-2: Foul Ball, location: 2F 3-2: Fly out, F9 (Flyball, 9S)
|
Batting: RHB José García
|
0-0: Called Strike 0-1: Foul Ball, location: 2F 0-2: Ball 1-2: Ground out 1-3 (Groundball, 13)
|
Batting: RHB Bonifacio Torres
|
0-0: Called Strike 0-1: Fly out, F9 (Flyball, 9LSF)
|
Top of the 7th over - 0 run(s), 0 hit(s), 0 error(s), 0 left on base; Santa Monica 6 - District 9 0 |
BOTTOM OF THE 7TH |
District 9 Prawns batting - Pitching for Santa Monica Bruins : RHP Doug Singleton
|
Batting: RHB Rafael González
|
0-0: Ball 1-0: Ball 2-0: Fly out, F7 (Flyball, 7LM)
|
Batting: RHB Tony Guzmán
|
0-0: Ground out U3 (Groundball, 3)
|
Batting: RHB Lateef Makini
|
0-0: Foul Ball, location: 2F 0-1: Foul Ball, location: 2F 0-2: Strikes out swinging
|
Bottom of the 7th over - 0 run(s), 0 hit(s), 0 error(s), 0 left on base; Santa Monica 6 - District 9 0 |
TOP OF THE 8TH |
Santa Monica Bruins batting - Pitching for District 9 Prawns : RHP Wilson Flores
|
Batting: RHB Javier Deleón
|
0-0: Swinging Strike 0-1: Ball 1-1: Ball 2-1: Foul Ball, location: 2F 2-2: Strikes out swinging
|
Batting: LHB Patrick Osborne
|
0-0: Ball 1-0: Ball 2-0: Called Strike 2-1: Ball 3-1: Base on Balls
|
Batting: LHB Ray Bryant
|
0-0: Ground out 3-1 (Groundball, 34) Patrick Osborne to second
|
Batting: RHB Alfredo López
|
0-0: Swinging Strike 0-1: Called Strike 0-2: Ball 1-2: Strikes out swinging
|
Top of the 8th over - 0 run(s), 0 hit(s), 0 error(s), 1 left on base; Santa Monica 6 - District 9 0 |
BOTTOM OF THE 8TH |
District 9 Prawns batting - Pitching for Santa Monica Bruins : RHP Doug Singleton
|
Batting: LHB Leonard Young
|
0-0: Called Strike 0-1: Ground out U3 (Groundball, 3L)
|
Pitching: RHP Manuel López
|
|
Batting: LHB Ralph Schultz
|
0-0: Foul Ball, location: 2F 0-1: Ground out U3 (Groundball, 3S)
|
Batting: RHB Lúcio García
|
0-0: Fly out, F8 (Flyball, 8LM)
|
Bottom of the 8th over - 0 run(s), 0 hit(s), 0 error(s), 0 left on base; Santa Monica 6 - District 9 0 |
TOP OF THE 9TH |
Santa Monica Bruins batting - Pitching for District 9 Prawns : RHP Wilson Flores
|
Batting: RHB Luis Martínez
|
0-0: Ball 1-0: Ball 2-0: Ball 3-0: Called Strike 3-1: Base on Balls
|
Batting: RHB Justin Burgess
|
0-0: Bunted foul 0-1: Bunted foul 0-2: Ball 1-2: Ball 2-2: Foul Ball, location: 2F 2-2: Fly out, F9 (Flyball, 9LM)
|
Batting: LHB Jeffrey Satterley
|
0-0: Ball 1-0: Called Strike 1-1: Ball 2-1: Swinging Strike 2-2: Foul Ball, location: 2F 2-2: Foul Ball, location: 2F 2-2: Foul Ball, location: 2F 2-2: Ball 3-2: Strikes out looking
|
Batting: RHB José García
|
0-0: Called Strike 0-1: Ball 1-1: Ball 2-1: Ball 3-1: Fly out, F9 (Flyball, 9M)
|
Top of the 9th over - 0 run(s), 0 hit(s), 0 error(s), 1 left on base; Santa Monica 6 - District 9 0 |
BOTTOM OF THE 9TH |
District 9 Prawns batting - Pitching for Santa Monica Bruins : RHP Manuel López
|
Batting: RHB Mal Snyder
|
0-0: Ball 1-0: Ball 2-0: Ball 3-0: Called Strike 3-1: Base on Balls
|
Batting: SHB Mark Pope
|
0-0: Foul Ball, location: 2F 0-1: Swinging Strike 0-2: Ball 1-2: Grounds into double play, 4-6-3 (Groundball, 34)
|
Batting: LHB Leonard Harvey
|
0-0: Ball 1-0: Called Strike 1-1: Ball 2-1: Ground out 4-3 (Groundball, 4)
|
Bottom of the 9th over - 0 run(s), 0 hit(s), 0 error(s), 0 left on base; Santa Monica 6 - District 9 0 |
|